Map: Deathaura LE

Players

JbossSenpai - Winner!

  • Race: Protoss Protoss
  • League: Gold
  • Spawn Location: 11:00

Ellorian

  • Race: Protoss Protoss
  • League: Platinum
  • Spawn Location: 5:00

VOD

Have the link to the VOD?

Description

Me bad

Time

  • Played on: July 2, 2020, 1:18 p.m.
  • Length: 5:31
Show
View Real Time Build Order
Export as new Build Order

JbossSenpai Protoss - Winner!

Build Orders:  

Get SALT Encoding   

  12  0:01  Probe  
  13  0:16  Pylon  
  13  0:23  Probe  
  14  0:31  Probe  
  15  0:39  Gateway  
  15  0:43  Probe  
  15  0:44  Assimilator  
  16  0:57  Probe  
  17  1:01  Assimilator  
  17  1:10  Gateway  
  17  1:14  Probe  
  18  1:27  Probe  
  18  1:28  Cybernetics Core  
  19  1:35  Probe  
  19  1:38  Pylon  
  20  1:56  Forge  
  20  2:08  Stalker  
  22  2:10  Probe  
  22  2:13  Stalker  
  24  2:22  Probe  
  26  2:32  Photon Cannon  
  26  2:35  Probe  
  27  2:39  Gateway  
  27  2:41  Warp Gate  
  27  2:47  Pylon  
  25  3:11  Protoss Ground Weapons Level 1  
  23  3:27  Gateway  
  23  3:29  Pylon  
  23  3:42  Photon Cannon  
  23  3:45  Robotics Facility  
  23  3:54  Nexus  
  23  4:04  Pylon  
  23  4:27  Gateway  
  23  4:31  Pylon  
  23  4:40  Photon Cannon  
  23  4:42  Pylon  
  23  4:52  Zealot x2  
Show
View Real Time Build Order
Export as new Build Order

Ellorian Protoss 

Build Orders:  

Get SALT Encoding   

  12  0:01  Probe  
  13  0:13  Probe  
  14  0:17  Pylon  
  14  0:25  Probe  
  15  0:38  Probe  
  16  0:50  Pylon  
  16  1:02  Probe  
  17  1:10  Gateway x2  
  17  1:12  Gateway  
  17  1:18  Probe  
  18  1:27  Pylon  
  18  1:32  Gateway  
  18  1:35  Probe  
  19  1:47  Probe  
  19  1:51  Zealot  
  19  1:52  Zealot  
  19  1:53  Zealot  
  26  2:15  Probe  
  27  2:19  Zealot  
  27  2:20  Zealot  
  27  2:21  Zealot  
  33  2:27  Probe, Zealot  
  36  2:39  Pylon, Probe  
  36  2:43  Assimilator  
  37  2:54  Zealot  
  37  2:57  Zealot  
  41  3:06  Zealot  
  37  3:14  Zealot  
  39  3:21  Zealot  
  39  3:24  Zealot  
  37  3:38  Zealot  
  37  3:41  Zealot  
  39  3:48  Zealot  
  39  3:51  Zealot  
  43  4:05  Zealot  
  45  4:15  Zealot  
  45  4:18  Zealot  
  33  4:38  Zealot  
  33  4:39  Zealot  
  33  4:43  Zealot  
  35  4:46  Zealot  
Tags
 
Matchup
PvP
Spawn Locations
Cross Positions
Add a new tag
Caveats
  • Supply blocks, unpowered buildings, or Contaminate may cause inaccurate times.
  • Supply counts are checked every 10 seconds.